Map: 莱瑞拉克之冠

Players

shengy - Winner!

  • Race: Zerg Zerg
  • League: Platinum

Overlord

  • Race: Terran Terran

VOD

Have the link to the VOD?

Description

Time

  • Played on: Dec. 24, 2015, 5:03 p.m.
  • Length: 4:59
Show
View Real Time Build Order
Export as new Build Order

shengy Zerg - Winner!

Build Orders: Hatch First 

Get SALT Encoding   

  12  0:01  Drone  
  13  0:08  Drone  
  14  0:17  Overlord  
  14  0:35  Drone x3  
  17  0:50  Drone  
  18  0:58  Hatchery  
  17  1:06  Drone  
  18  1:15  Spawning Pool  
  17  1:20  Drone  
  17  1:22  Drone  
  19  1:30  Extractor  
  19  1:31  Drone  
  19  1:40  Overlord  
  19  1:51  Drone  
  20  2:00  Hatchery  
  19  2:14  Zergling x4  
  19  2:15  Zergling x2  
  23  2:16  Queen  
  23  2:17  Queen  
  27  2:25  Drone  
  27  2:33  Spine Crawler  
  26  2:43  Drone x2  
  28  2:47  Baneling Nest  
  28  2:49  Metabolic Boost  
  28  2:50  Drone  
  28  3:00  Queen  
  29  3:06  Zergling x2  
  29  3:10  Overlord  
  30  3:19  Overlord  
  30  3:30  Overlord x2  
  30  3:33  Zergling x2  
  30  3:34  Zergling x2  
  32  3:35  Baneling  
  32  3:36  Baneling  
  32  3:48  Lair  
  32  3:51  Extractor  
  31  4:01  Zergling x4  
  31  4:02  Zergling x6  
  36  4:19  Drone x5  
  41  4:29  Drone x4  
  45  4:33  Drone  
Show
View Real Time Build Order
Export as new Build Order

Overlord Terran 

Build Orders:  

Get SALT Encoding   

  12  0:01  SCV  
  13  0:13  SCV  
  14  0:18  Supply Depot  
  14  0:26  SCV  
  15  0:29  Refinery  
  15  0:40  SCV  
  16  0:46  Barracks  
  16  0:53  SCV  
  17  1:05  SCV  
  18  1:15  Barracks  
  18  1:18  SCV  
  19  1:33  Marine  
  19  1:35  Orbital Command  
  19  1:39  Supply Depot  
  20  1:51  Marine  
  21  2:01  SCV  
  22  2:02  Marine  
  23  2:10  Marine  
  24  2:15  SCV  
  25  2:29  SCV  
  27  2:30  Command Center  
  27  2:32  Reaper x2  
  28  2:44  SCV  
  28  2:47  Supply Depot  
  29  2:53  Factory  
  29  2:56  SCV  
  30  3:03  Supply Depot  
  30  3:09  SCV  
  30  3:12  Barracks Tech Lab x2  
  31  3:21  SCV  
  32  3:33  SCV  
  33  3:44  Refinery  
  33  3:45  Orbital Command  
  33  3:47  Marauder x2  
  37  3:52  SCV, Starport  
  37  3:53  Factory Reactor  
  38  4:02  Supply Depot  
  38  4:04  SCV  
  38  4:06  Concussive Shells  
  38  4:09  Marine x2  
  41  4:14  SCV  
  41  4:16  SCV  
  42  4:30  Barracks  
  42  4:33  Barracks  
  42  4:42  SCV x2  
Tags
 
Add a new tag
Caveats
  • Supply blocks, unpowered buildings, or Contaminate may cause inaccurate times.
  • Supply counts are checked every 10 seconds.